 Dungeon Sprint DCSS version 0.29-a0-925-g0a7a3d12f8 (webtiles) character file.

Game seed: 2747303868278161980

1460 Hipnos the Basher (level 8, -5/92 HPs)
             Began as a Troll Berserker on July 28, 2022.
             Was a High Priest of Trog.
             Slain by a redback (6 damage)
             ... in the Dungeon (Sprint II: "The Violet Keep of Menkaure").
             The game lasted 00:06:52 (541 turns).

Hipnos the Basher (Troll Berserker)                  Turns: 541, Time: 00:06:54

Health: -5/92      AC:  9    Str: 28    XL:     8   Next: 48%
Magic:  7/7        EV: 11    Int: -1    God:    Trog [*****.]
Gold:   55         SH:  0    Dex:  7    Spells: 7/7 levels left

rFire   + . .      SeeInvis .   j - +0 flail (flame)
rCold   . . .      Faith    .   (no shield)
rNeg    . . .      Spirit   .   l - +2 robe {rF+}
rPois   .          Reflect  .   k - +0 hat
rElec   .          Harm     .   i - +2 cloak
rCorr   .          Rampage  .   (gloves unavailable)
Will    ++...      NoTele   +   (boots unavailable)
Stlth   +.........              (no amulet)
HPRegen 2.05/turn               (no ring)
MPRegen 0.10/turn               (no ring)

@: lethally poisoned (-5 -> -34), strong-willed, regenerating, slowed, lost
intelligence, unable to read, very slow
A: large, unfitting armour, claws 3, regeneration 1, shaggy fur 1, tough skin 1,
clumsy 1, dopey 2, screaming 1, no potion heal 1, subdued magic 1, devolution 1
a: Renounce Religion, Berserk, Trog's Hand, Brothers in Arms


You were in the Dungeon.
You worshipped Trog.
Trog was extremely pleased with you.
You visited 1 branch You collected 729 gold pieces.
You spent 674 gold pieces at shops.

Inventory:

Hand Weapons
 a - a +0 mace
 j - a +0 flail of flaming (weapon)
Armour
 b - a +0 animal skin
 i - a +2 cloak (worn)
 k - a +0 hat (worn)
 l - a +2 robe of fire resistance (worn)
Scrolls
 h - a scroll of blinking
 n - a scroll of enchant armour {unknown}
Potions
 c - a potion of curing
 d - 2 potions of heal wounds
 e - a potion of haste
 f - 2 potions of magic
 g - a potion of berserk rage
 m - a potion of might


   Skills:
 + Level 9.4 Fighting
 + Level 11.5 Maces & Flails
 + Level 8.9 Dodging
 + Level 0.3 Stealth


You had 7 spell levels left.
You didn't know any spells.
Your spell library was empty.

Dungeon Overview and Level Annotations

Branches:
Dungeon (1/1)

Altars:
Cheibriados
Dithmenos
Elyvilon
Fedhas
Gozag
Hepliaklqana
Kikubaaqudgha
Makhleb
Nemelex Xobeh
Qazlal
Ru
Sif Muna
Trog
Uskayaw
Jiyva
Lugonu

Shops:
D (?:*![[!?==*:[[

Annotations:
D exclusion: oklob plant


Innate Abilities, Weirdness & Mutations

You are too large for most types of armour.
You have claws for hands.
Your natural rate of healing is unusually fast.
You are covered in fur. (AC +1)
You have tough skin. (AC +1)
You are clumsy. (Dex -2)
You are very dopey. (Int -4)
You occasionally shout uncontrollably at your foes.
Potions are less effective at restoring your health.
Your spells are a little easier to cast, but a little less powerful.
You have hidden genetic defects.


Message History

Found three altars.
Found a sparkling altar of Nemelex Xobeh and a hide-covered altar of Uskayaw.
You open the door. 2 redbacks come into view.
The redback bites you!
Found 81 gold pieces and a book of Vapours.
You barely miss the redback. Your claw misses the redback.
The redback closely misses you. x2
You hit the redback. You burn the redback.
The redback is lightly wounded.
The redback completely misses you. The redback bites you!
The redback closely misses you.
The redback bites you but does no damage.
You sock the redback! You burn the redback.
The redback is heavily wounded.
The redback bites you. x2
The redback bites you but does no damage.
You thump the redback! You burn the redback.
You kill the redback!
Trog accepts your kill. The redback bites you!
You are poisoned.
The redback poisons you! The redback bites you.
You closely miss the redback.
You feel extremely sick. The redback bites you!
Okay, then.
You barely miss the redback.
You feel extremely sick. The redback closely misses you. The redback bites you!
You are lethally poisoned!
The redback poisons you!
Your skin crawls.
You feel strong-willed.
* * * LOW HITPOINT WARNING * * *
You feel extremely sick. The redback bites you!
* * * LOW HITPOINT WARNING * * *
The redback bites you.
You die...

^.. +++# .. ... .. .## ##
#. ##. .## +.### #..#..#
.. ^..#
##.).####..#####..#
###'###.##..#.$'@.#
###.##..##..#:.#s^# #
#'.<.'##.+..####..##.#
.##.##..##....###...##▓▓▓
###†###.##......≈≈≈≈≈≈≈≈≈
##.#.####§≈.....≈#+######
#.##..#≈≈§≈≈≈≈..≈#....._.
###..##≈≈§≈≈≈≈≈.≈#...._._
≈##+##≈≈≈≈≈≈≈≈≈≈≈#..._._.


You could see a redback.

Vanquished Creatures
  A merfolk siren (D)
  4 neqoxecs (D)
  A redback (D)
  A vampire mosquito (D)
  Menkaure (D)
  A water moccasin (D)
  4 scorpions (D)
  3 worms (D)
16 creatures vanquished.

Notes
Turn   | Place    | Note
-------+----------+-------------------------------------------
     0 | D        | Hipnos the Troll Berserker began the quest for the Orb.
     0 | D        | Reached XP level 1. HP: 22/22 MP: 0/0
     1 | D        | Noticed a scorpion
     1 | D        | Noticed a scorpion
     1 | D        | Noticed a scorpion
     1 | D        | Noticed a scorpion
     6 | D        | Killed a scorpion
     7 | D        | Reached skill level 4 in Maces & Flails
     7 | D        | Reached XP level 2. HP: 33/33 MP: 1/1
     7 | D        | Reached XP level 3. HP: 40/40 MP: 2/2
     8 | D        | Killed a scorpion
     9 | D        | Reached skill level 5 in Fighting
     9 | D        | Reached skill level 5 in Maces & Flails
     9 | D        | Reached XP level 4. HP: 50/50 MP: 3/3
     9 | D        | Killed a scorpion
     9 | D        | Reached ** piety under Trog
    10 | D        | Reached skill level 6 in Maces & Flails
    10 | D        | Reached skill level 5 in Dodging
    10 | D        | Reached XP level 5. HP: 59/59 MP: 4/4
    13 | D        | Reached skill level 7 in Maces & Flails
    54 | D        | Noticed a merfolk siren
    66 | D        | Killed a merfolk siren
    67 | D        | Reached skill level 9 in Maces & Flails
    67 | D        | Reached XP level 6. HP: 72/72 MP: 5/5
    67 | D        | Reached XP level 7. HP: 79/79 MP: 6/6
    90 | D        | Noticed a neqoxec
    90 | D        | Noticed a neqoxec
    98 | D        | Killed a neqoxec
    98 | D        | Reached *** piety under Trog
   110 | D        | Killed a neqoxec
   111 | D        | Reached skill level 10 in Maces & Flails
   148 | D        | Found Favaciw's Antique Armour Shoppe.
   148 | D        | Found Sustryal's Assorted Antiques.
   148 | D        | Found Cataihit's Jewellery Shoppe.
   148 | D        | Noticed a neqoxec
   157 | D        | Lost intelligence.
   159 | D        | Gained mutation: You are clumsy. (Dex -2) [a neqoxec]
   164 | D        | Killed a neqoxec
   170 | D        | Noticed a neqoxec
   171 | D        | Found Xaepp's Antique Armour Emporium.
   171 | D        | Found Yteus's Book Shoppe.
   171 | D        | Found Leiveq's Jewellery Shoppe.
   173 | D        | Found Luzedeni's Magic Scroll Shoppe.
   173 | D        | Found Podu's Distillery.
   174 | D        | Gained mutation: You have hidden genetic defects. [a
                  | neqoxec]
   180 | D        | Killed a neqoxec
   180 | D        | Reached **** piety under Trog
   181 | D        | Reached XP level 8. HP: 48/91 MP: 7/7
   189 | D        | Gained mutation: You are dopey. (Int -2) [hidden defects]
   254 | D        | Found Geybesyx's Armour Shoppe.
   254 | D        | Found Sozae's Antique Armour Emporium.
   254 | D        | Noticed a hell hog
   255 | D        | Found Xawkiuf's Distillery.
   255 | D        | Found Riuvvasi's General Store.
   255 | D        | Noticed Menkaure
   255 | D        | Noticed a hell hog
   255 | D        | Noticed an oklob plant
   255 | D        | Noticed a polar bear
   265 | D        | Killed Menkaure
   265 | D        | Reached ***** piety under Trog
   266 | D        | Reached skill level 11 in Maces & Flails
   269 | D        | Found Feypn's Magic Scroll Shoppe.
   269 | D        | Found Esunumn's Antique Weapon Emporium.
   269 | D        | Found Eruowk's Book Shoppe.
   269 | D        | Noticed a polar bear
   277 | D        | Noticed a manticore
   279 | D        | Noticed a manticore
   282 | D        | Noticed a manticore
   283 | D        | Bought a scroll of brand weapon for 114 gold pieces
   285 | D        | Bought a flail for 80 gold pieces
   300 | D        | Bought a runed cloak for 195 gold pieces
   311 | D        | Bought a hat for 92 gold pieces
   319 | D        | Bought an embroidered robe for 85 gold pieces
   332 | D        | Bought a potion of heal wounds for 60 gold pieces
   332 | D        | Bought a potion of might for 48 gold pieces
   350 | D        | Noticed an orange crystal statue
   363 | D        | Gained mutation: You occasionally shout uncontrollably at
                  | your foes. [mutagenic glow]
   374 | D        | Gained mutation: Your spells are a little easier to cast,
                  | but a little less powerful. [mutagenic glow]
   383 | D        | Gained mutation: Potions are less effective at restoring
                  | your health. [mutagenic glow]
   410 | D        | Lost intelligence.
   410 | D        | Gained mutation: You are very dopey. (Int -4) [mutagenic
                  | glow]
   420 | D        | Found a snail-covered altar of Cheibriados.
   420 | D        | Found a hazy altar of Hepliaklqana.
   421 | D        | Found a shadowy altar of Dithmenos.
   421 | D        | Found a viscous altar of Jiyva.
   421 | D        | Found a stormy altar of Qazlal.
   445 | D        | Found a white marble altar of Elyvilon.
   445 | D        | Found an ancient bone altar of Kikubaaqudgha.
   445 | D        | Found a sacrificial altar of Ru.
   527 | D        | Found a blossoming altar of Fedhas.
   527 | D        | Found a corrupted altar of Lugonu.
   527 | D        | Found a shimmering blue altar of Sif Muna.
   528 | D        | Found an opulent altar of Gozag.
   528 | D        | Found a burning altar of Makhleb.
   528 | D        | Found a bloodstained altar of Trog.
   529 | D        | Found a sparkling altar of Nemelex Xobeh.
   529 | D        | Found a hide-covered altar of Uskayaw.
   541 | D        | HP: 1/92 [redback (9)]
   541 | D        | Slain by a redback

Illustrated notes

Levels and vault maps discovered:
D:        the_violet_keep_of_menkaure [sprint2_stairs_cluster_1,
          sprint2_shoproom, sprint2_temple, sprint2_basic_supplies,
          sprint2_obstacle_4, sprint2_obstacle_5, sprint2_obstacle_7,
          sprint2_obstacle_2, sprint2_obstacle_6, sprint2_timed_cluster_1,
          sprint2_smallroom_cluster_1, sprint2_smallroom_final_cluster_1,
          sprint2_transparent_cluster_1, sprint2_second_timed_cluster_1,
          sprint2_sniper_area_1, sprint2_heavy_combat_area_1,
          sprint2_mutation_trap_area_1, sprint2_forest_area_1,
          sprint2_light_combat_area_1, sprint2_behind_water_1,
          sprint2_near_end_vault_1]

Skill      XL: |  1  2  3  4  5  6  7  8 |
---------------+-------------------------+-----
Fighting       | 4 5 7 8 9 |  9.4
Maces & Flails | 4 5 6 9 10 11 | 11.5
Dodging        | 4 5 7 8 |  8.9
Stealth        | |  0.3

Action                   |  1- 3 |  4- 6 |  7- 9 || total
-------------------------+-------+-------+-------++-------
Melee: Mace              |     6 |    14 |    50 ||    70
       Punch             |       |       |     1 ||     1
       Flail             |       |       |     8 ||     8
Invok: Berserk           |     1 |     1 |     2 ||     4
       Trog's Hand       |       |       |     1 ||     1
  Use: Scroll            |       |       |     1 ||     1
Armor: Animal skin       |     1 |     1 |     3 ||     5
       Robe              |       |       |     2 ||     2
Dodge: Dodged            |       |     6 |    22 ||    28

Table legend: (Time is in decaauts)
 A = Elapsed time spent in this place.
 B = Non-inter-level travel time spent in this place.
 C = Inter-level travel time spent in this place.
 D = Time resting spent in this place.
 E = Time spent auto-exploring this place.
 F = Levels seen in this place.
 G = Mean time per level.
                   A        B        C        D        E       F      G
               +--------+--------+--------+--------+--------+-----+--------+
         Total |    647 |    647 |      0 |    325 |      0 |   1 |  647.0 |
       Dungeon |    647 |    647 |      0 |    325 |      0 |   1 |  647.0 |
               +--------+--------+--------+--------+--------+-----+--------+

Top non-repeatable levels by time:
       D: 647 daAuts
